 Dungeon Crawl Stone Soup version 0.31-a0-202-g547052bce9 (webtiles) character file.

Game seed: 1255223390573776458

72 qw the Shooter (level 4, -1/25 HPs)
             Began as a Deep Elf Hunter on June 26, 2023.
             Killed by nerve-wracking pain
             ... invoked by Grinder
              (13 damage)
             ... on level 3 of the Dungeon.
             The game lasted 00:00:36 (1227 turns).

qw the Shooter (Deep Elf Hunter)                    Turns: 1227, Time: 00:00:36

Health: -1/25      AC:  6    Str: 10    XL:     4   Next: 6%
Magic:  6/6        EV: 11    Int: 14    God:
Gold:   110        SH:  0    Dex: 24    Spells: 3/3 levels left

rFire   . . .        Y - +1 shortbow
rCold   . . .        (shield currently unavailable)
rNeg    . . .        e - +0 ring mail
rPois   .            c - +0 helmet
rElec   .            (no cloak)
rCorr   .            (no gloves)
SInv    +            (no boots)
Will    .....        (no amulet)
Stlth   ++           h - ring of see invisible
HPRegen 0.24/turn    i - +6 ring of dexterity
MPRegen 0.10/turn

%: no passive effects
@: no status effects
A: no striking features
a: no special abilities


You were on level 3 of the Dungeon.
You visited 1 branch of the dungeon, and saw 3 of its levels.

You collected 110 gold pieces.


   Skills:
 - Level 1.5 Fighting
 + Level 7.5 Ranged Weapons
 - Level 2.4 Dodging
 - Level 1.2 Stealth


You had 3 spell levels left.
You didn't know any spells.
Your spell library was empty.

Inventory:

Hand Weapons
 Y - a +1 shortbow (weapon)
Armour
 c - a +0 helmet (worn)
 e - a +0 ring mail (worn)
Jewellery
 h - a ring of see invisible (left hand)
 i - a +6 ring of dexterity (right hand)
Scrolls
 a - a scroll of teleportation {unknown}
 b - a scroll of torment {unknown}
 g - 4 scrolls of identify
Potions
 d - a potion of mutation {unknown}
 f - a potion of curing

Dungeon Overview and Level Annotations

Branches:
Dungeon (3/15)

Altars:

Annotations:
D:3 Grinder


Message History

You now have 110 gold pieces (gained 6).
A ball python comes into view.
Enter note: You shoot an arrow.
The arrow hits the ball python!
You kill the ball python!
Grinder comes into view.
Enter note: You shoot an arrow.
The arrow hits Grinder but does no damage.
Grinder shouts!
You hear an angry hiss.
Grinder gestures at you. Pain shoots through your body!
1216 ||| FLEEEEING.
1217 ||| FLEEEEING.
1218 ||| FLEEEEING.
1219 ||| FLEEEEING.
1220 ||| FLEEEEING.
1221 ||| STILL FLEEEEING.
You shoot an arrow. The arrow hits Grinder!
Grinder is moderately wounded.
Grinder gestures at you. You resist with significant effort.
You shoot an arrow. The arrow barely misses Grinder.
You shoot an arrow. The arrow hits Grinder.
Grinder is moderately wounded.
Grinder gestures at you. Pain shoots through your body!
You shoot an arrow. The arrow hits Grinder.
Grinder is heavily wounded.
Grinder blinks!
You shoot an arrow. The arrow hits Grinder.
Grinder is heavily wounded.
Grinder barely misses you.
You shoot an arrow. The arrow hits Grinder!
Grinder is severely wounded.
Grinder gestures at you. Pain shoots through your body!
Ouch! That really hurt!
You die...

.#........ .#..)).....#
.#.........#
.#.........##
.#...........
.#...........####
.......+[.......##
.........#....#..##
........##....##@.#
.###....#......#5.# .#
##..##......##.# .#
##.#........#ยค### .#
###.#........#...# .
#...##......##.#.##.#
#.#..#......#.......#
...#..##....##.....5.#
.....+...#....#........#


You could see Grinder.

Vanquished Creatures
  A worm (D:2)
  2 dart slugs (D:3)
  4 orcs (D:3)
  3 bats
  3 endoplasms
  4 giant cockroaches
  5 goblins
  8 hobgoblins
  8 jackals
  3 kobolds
  A quokka (D:1)
  3 ball pythons
  2 frilled lizards (D:2)
  5 rats
52 creatures vanquished.

Notes
Turn   | Place    | Note
-------+----------+-------------------------------------------
     0 | D:1      | qw the Deep Elf Hunter began the quest for the Orb.
     0 | D:1      | Reached XP level 1. HP: 12/12 MP: 3/3
     0 | D:1      | 0 ||| qw: Version: 0.3-a-22-g0ed2b0b
     0 | D:1      | 0 ||| qw: Game counter: 6123
     0 | D:1      | 0 ||| qw: Melee chars always use a shield: true
     0 | D:1      | 0 ||| qw: God list: Okawaru
     0 | D:1      | 0 ||| qw: Allow faded altars: false
     0 | D:1      | 0 ||| qw: Do Orc after clearing Dungeon:15 true
     0 | D:1      | 0 ||| qw: Do second Lair branch before Depths: true
     0 | D:1      | 0 ||| qw: Lair rune preference: random
     0 | D:1      | 0 ||| qw: Goals: Normal
     0 | D:1      | 0 ||| PLANNING D:1-11
   128 | D:1      | Reached skill level 6 in Ranged Weapons
   128 | D:1      | Reached XP level 2. HP: 16/16 MP: 4/4
   427 | D:1      | 427 ||| UPGRADING to +0 ring mail.
   437 | D:1      | 437 ||| DROPPING +0 leather armour.
   438 | D:1      | 438 ||| UPGRADING to ring of see invisible.
   439 | D:1      | 439 ||| UPGRADING to +6 ring of dexterity.
   440 | D:1      | 440 ||| READING scroll labelled PUOKOEBL IGHUZUIRU.
   441 | D:1      | 441 ||| READING 2 scrolls labelled IWIJUE JEIPH.
   442 | D:1      | 442 ||| DROPPING scroll of butterflies.
   524 | D:2      | Reached XP level 3. HP: 20/20 MP: 5/5
   611 | D:2      | Reached skill level 7 in Ranged Weapons
   959 | D:2      | 959 ||| UPGRADING to +0 helmet.
   964 | D:2      | 964 ||| READING scroll labelled FAPNAF KUGE.
   965 | D:2      | 965 ||| READING scroll labelled IFAMPUOKAJE.
   966 | D:2      | 966 ||| READING 4 scrolls of identify.
   966 | D:2      | 966 ||| IDENTIFYING fizzy ruby potion
  1124 | D:3      | Reached XP level 4. HP: 23/25 MP: 6/6
  1214 | D:3      | Noticed Grinder
  1216 | D:3      | 1216 ||| FLEEEEING.
  1217 | D:3      | 1217 ||| FLEEEEING.
  1218 | D:3      | 1218 ||| FLEEEEING.
  1219 | D:3      | 1219 ||| FLEEEEING.
  1220 | D:3      | 1220 ||| FLEEEEING.
  1227 | D:3      | Killed from afar by Grinder

Levels and vault maps discovered:
D:1:      spicycebolla_green_bress_n_ham, layout_rooms, st_stairs_1,
          nrook_loot_triangle
D:2:      layout_rooms, lemuel_flame_loot_1
D:3:      layout_basic, ebering_ecumenical_altar_abandoned,
          small_statue_intersection, grunt_ministairs_2, nrook_mini_backslash,
          minmay_misc_feat_iff, nicolae_half_adder, uniq_jessica, uniq_grinder

Skill      XL: |  1  2  3 |
---------------+----------+-----
Ranged Weapons | 6 7 |  7.5
Fighting       | |  1.5
Dodging        | |  2.4
Stealth        | |  1.2

Action                     |  1- 3 |  4- 6 || total
---------------------------+-------+-------++-------
   Fire: Shortbow          |   121 |    17 ||   138
    Use: Scroll            |     5 |       ||     5
 Armour: Leather armour    |     2 |       ||     2
         Ring mail         |     3 |     5 ||     8
  Dodge: Dodged            |    30 |     6 ||    36

Table legend:
 A = Non-vault XP
 B = Vault XP
 C = Vault XP percentage of total XP
 D = Non-vault monster count
 E = Vault monster count
 F = Vault count percentage of total count
                 A         B        C        D         E       F
            +---------+---------+-------+---------+---------+-------
      Total |      99 |       4 |   3.9 |      50 |       2 |   3.8
            +---------+---------+-------+---------+---------+-------
        D:1 |      24 |       4 |  14.3 |      14 |       2 |  12.5
        D:2 |      38 |       0 |   0.0 |      20 |       0 |   0.0
        D:3 |      37 |       0 |   0.0 |      16 |       0 |   0.0
            +---------+---------+-------+---------+---------+-------
